 Dungeon Crawl Stone Soup version 0.22-a0-162-g33bf1272b0 (webtiles) character file.

263 RedPan the Grave Robber (level 5, -4/35 HPs)
             Began as a Vampire Necromancer on Feb 12, 2018.
             Slain by a phantom (5 damage)
             ... on level 4 of the Dungeon.
             The game lasted 00:12:01 (6872 turns).

RedPan the Grave Robber (Vampire Necromancer)       Turns: 6872, Time: 00:12:01

Health: -4/35      AC:  3    Str:  7    XL:     5   Next: 97%
Magic:  9/9        EV: 14    Int: 18    God:
Gold:   135        SH:  0    Dex: 15    Spells: 8/10 levels left

rFire    . . .     SeeInvis +   f - +0 dagger
rCold    + . .     Gourm    .   (no shield)
rNeg     + + .     Faith    .   a - +0 robe
rPois    +         Spirit   .   (no helmet)
rElec    .         Reflect  .   (no cloak)
rCorr    +         Harm     .   (no gloves)
MR       .....                  i - +0 pair of boots
Stlth    ++++......             (no amulet)
HPRegen  0.05/turn              d - ring of resist corrosion
MPRegen  0.11/turn              m - ring of see invisible

@: regenerating slowly
A: fangs 3, see invisible, unbreathing
a: Bat Form


You were on level 4 of the Dungeon.
You were very thirsty.

You visited 1 branch of the dungeon, and saw 4 of its levels.

You collected 135 gold pieces.

Inventory:

Hand Weapons
 f - a +0 dagger (weapon)
Missiles
 g - 5 steel javelins (quivered)
Armour
 a - a +0 robe (worn)
 i - a +0 pair of boots (worn)
 n - a +2 large shield
Jewellery
 d - a ring of resist corrosion (left hand)
 m - a ring of see invisible (right hand)
 r - a +5 ring of dexterity {unknown}
Scrolls
 h - a scroll of fog
 k - a scroll of teleportation
Potions
 c - 4 potions of blood
 e - 2 potions of curing {unknown}
 j - 2 potions of flight {unknown}
 l - a potion of agility {unknown}
 o - a potion of lignification {unknown}
 p - a potion of heal wounds {unknown}
Books
 b - a book of Necromancy

   Spells                             Type                      Level
   a - Pain                           Necromancy                   1
   b - Animate Skeleton               Necromancy                   1
   c - Vampiric Draining              Necromancy                   3
   d - Regeneration                   Charms/Necromancy            3
   e - Animate Dead                   Necromancy                   4


   Skills:
 + Level 3.6 Dodging
 + Level 5.6 Stealth
 - Level 3.0 Spellcasting
 + Level 5.9 Necromancy


You had 8 spell levels left.
You knew the following spells:

 Your Spells              Type           Power        Failure   Level  Hunger
a - Pain                  Necr           ###.         1%          1    None
b - Animate Skeleton      Necr           N/A          1%          1    None


Dungeon Overview and Level Annotations

Branches:
Dungeon (4/15)
 Temple: D:4-7

Altars:
Qazlal
Ru
The Shining One

Annotations:
D:4 Fuhrer's ghost, amateur DDNe


Innate Abilities, Weirdness & Mutations

You heal slowly.
You have razor-sharp teeth.
You have supernaturally acute eyesight. (SInv)
You can survive without breathing.


Message History

Confirm with . or Enter, or press ? or * to list all spells.
You can't see any susceptible monsters within range! (Use Z to cast anyway.)
There is a stone staircase leading up here.
The phantom hits you.
The phantom blinks!
You climb upwards.
One of your 5 potions of blood rots away.
There is a stone staircase leading down here.
You climb downwards.
Level annotation: Fuhrer's ghost, amateur DDNe The phantom blinks!
There is a stone staircase leading up here.
You are too injured to fight recklessly!
The phantom misses you. The phantom hits you.
* * * LOW HITPOINT WARNING * * *
The phantom misses you. The phantom hits you!
* * * LOW HITPOINT WARNING * * *
The phantom hits you.
You die...

#......#.....#
#......#.....#
#..##..#.....#
########.....#
#.....#
+.....#
.#+##.....#
..........#
#.......@<#
#......W..#
#.........#
#.........#
#.........#
#.........#
###########


You could see a phantom.

Vanquished Creatures
  2 scorpions (D:4)
  A hound (D:4)
  A worker ant (D:4)
  3 adders
  An ooze (D:2)
  A worm (D:2)
  3 dart slugs
  6 giant cockroaches
  7 goblins
  10 hobgoblins
  16 kobolds
  2 quokkas
  A ball python (D:3)
  6 bats
  2 frilled lizards
  3 kobold skeletons (D:4)
  An orc skeleton (D:4)
  8 rats
74 creatures vanquished.

Vanquished Creatures (collateral kills)
  A rat (D:2)
1 creature vanquished.

Grand Total: 75 creatures vanquished

Notes
Turn   | Place    | Note
-------+----------+-------------------------------------------
     0 | D:1      | RedPan the Vampire Necromancer began the quest for the Orb.
     0 | D:1      | Reached XP level 1. HP: 13/13 MP: 3/3
   695 | D:1      | Reached XP level 2. HP: 7/19 MP: 0/5
  2801 | D:2      | Learned a level 1 spell: Animate Skeleton
  2823 | D:2      | Reached XP level 3. HP: 16/24 MP: 4/6
  3390 | D:2      | Reached skill level 5 in Necromancy
  4148 | D:2      | Reached XP level 4. HP: 30/30 MP: 8/8
  4856 | D:3      | Found a stormy altar of Qazlal.
  4956 | D:3      | Found a sacrificial altar of Ru.
  5528 | D:4      | Reached XP level 5. HP: 15/35 MP: 2/9
  6068 | D:4      | Found a glowing golden altar of the Shining One.
  6097 | D:4      | Noticed Fuhrer's ghost (amateur DDNe)
  6098 | D:4      | Reached skill level 5 in Stealth
  6851 | D:4      | Noticed a phantom
  6871 | D:4      | HP: 1/35 [phantom (8)]
  6872 | D:4      | Slain by a phantom

Vault maps used:
D:1:      ncdulo_smallfort, minmay_cupped
D:2:      hangedman_decor_clover_reticule
D:3:      old_standard_altar, nicolae_overflow_crystal_walls, first_ration
D:4:      nicolae_tso_besieged_by_evil

Skill      XL: |  1  2  3  4  5 |
---------------+----------------+-----
Necromancy     | 5 |  5.9
Stealth        | 4 5 |  5.6
Spellcasting   | 3 |  3.0
Dodging        | 3 |  3.6

Action                   |  1- 3 |  4- 6 || total
-------------------------+-------+-------++-------
Melee: Unarmed           |     9 |       ||     9
       Bite              |     3 |    10 ||    13
       Dagger            |    35 |    51 ||    86
       Short sword       |     1 |       ||     1
 Cast: Pain              |    55 |    28 ||    83
       Animate Skeleton  |     5 |       ||     5
  Use: Potion            |     4 |     3 ||     7
       Scroll            |     1 |     8 ||     9
 Stab: Sleeping          |    13 |    10 ||    23
Armor: Robe              |    17 |     9 ||    26
Dodge: Dodged            |    40 |    37 ||    77

Table legend:
 A = Spawn XP
 B = Non-spawn XP
 C = Spawn XP percentage of total XP
 D = Spawn monster count
 E = Non-spawn monster count
 F = Spawn count percentage of total count
 G = Total turns spent on level
                    A         B        C        D         E        F      G
               +---------+---------+-------+---------+---------+-------+---------
         Total |       0 |     376 |   0.0 |       0 |      75 |   0.0 |  6872
               +---------+---------+-------+---------+---------+-------+---------
           D:1 |       0 |      36 |   0.0 |       0 |      21 |   0.0 |  2779
           D:2 |       0 |      83 |   0.0 |       0 |      33 |   0.0 |  1600
           D:3 |       0 |      18 |   0.0 |       0 |       9 |   0.0 |  2165
           D:4 |       0 |     239 |   0.0 |       0 |      12 |   0.0 |   328
               +---------+---------+-------+---------+---------+-------+---------
